 Dungeon Crawl Stone Soup version 0.31.0-32-g396128a36d (webtiles) character file.

Game seed: 16128911482329215540

92808 Josephus the Spry (level 15, -23/81 HPs)
             Began as a Felid Berserker on Apr 11, 2024.
             Was a High Priest of Trog.
             Annihilated by a +3 heavy battleaxe (43 damage)
             ... on level 1 of the Elven Halls.
             The game lasted 01:57:58 (30262 turns).

Josephus the Spry (Felid Berserker)                Turns: 30262, Time: 01:57:59

Health: -23/81     AC:  3    Str: 13    XL:     15   Next: 58%
Magic:  16/16      EV: 37    Int: 11    God:    Trog [*****.]
Gold:   2755       SH:  0    Dex: 24    Spells: 14/14 levels left
                                        Lives:  0   Deaths: 5

rFire   + .          .
                       - Unarmed
rCold   + . .        (shield unavailable)
rNeg    + . .        (body armour unavailable)
rPois   +            (helmet unavailable)
rElec   +            (cloak unavailable)
rCorr   +            (gloves unavailable)
SInv    +            (boots unavailable)
Will    +++++        f - amulet of Leass {Will+ Regen+ rCorr Stlth+}
Stlth   +++++++      e - ring of Huttaone {rF+ rN+}
HPRegen 2.13/turn    j - ring "Iwuyx" {Wiz rElec rPois Dex+3}
MPRegen 0.15/turn

%: wizardry (x1)
@: blade hands, strong-willed, on berserk cooldown, regenerating, slowed, very
slow
A: very small, (claws 1), fangs 3, see invisible, shaggy fur 3, (stealthy paws),
no weapons or thrown items, no armour, multi-lived, dopey 1
a: Begin Untransformation, Renounce Religion, Berserk, Trog's Hand, Brothers in
Arms


You were on level 1 of the Elven Halls.
You worshipped Trog.
Trog was extremely pleased with you.
You had blades for front paws.
You visited 5 branches of the dungeon, and saw 24 of its levels.
You also visited: Bailey, Gauntlet and Ice Cave.

You collected 2755 gold pieces.

Inventory:

Armour
 z - a +2 scale mail of willpower
Jewellery
 e - the ring of Huttaone (left blade hand) {rF+ rN+}
   (You acquired it on level 4 of the Dungeon)

   [ring of positive energy]

   rF+:       It protects you from fire.
   rN+:       It protects you from negative energy.
 f - the amulet of Leass (around neck) {Will+ Regen+ rCorr Stlth+}
   (You acquired it on level 13 of the Dungeon)

   [amulet of regeneration]

   Will+:     It increases your willpower.
   Regen+:    It increases your rate of health regeneration.
   rCorr:     It protects you from acid and corrosion.
   Stlth+:    It makes you more stealthy.
 g - the dreamdust necklace {Acrobat}
   (You found it in an ice cave)

   [amulet of the acrobat]

   Acrobat:   It increases your evasion while moving and waiting.
 i - a ring of willpower
 j - the ring "Iwuyx" (right blade hand) {Wiz rElec rPois Dex+3}
   (You took it off an orc in a bailey)

   [ring of wizardry]

   Wiz:       It improves your spell success rate.
   Dex+3:     It affects your dexterity (+3).
   rElec:     It insulates you from electricity.
   rPois:     It protects you from poison
 k - a ring of flight
 I - a +5 ring of evasion
 K - an amulet of reflection
 N - a ring of protection from cold
 O - the ring of Laung {rC+ Dex+6}
   (You found it on level 13 of the Dungeon)

   [ring of dexterity]

   Dex+6:     It affects your dexterity (+6).
   rC+:       It protects you from cold.
Talismans
 o - a serpent talisman
 A - a blade talisman (active)
 M - a dragon-blood talisman
Wands
 l - a wand of mindburst (7)
 n - a wand of roots (20)
 x - a wand of digging (7)
 D - a wand of light (16)
 F - a wand of polymorph (6)
 G - a wand of charming (9)
Scrolls
 b - 15 scrolls of identify
 c - 3 scrolls of fog
 p - 5 scrolls of blinking
 r - 3 scrolls of teleportation
 s - 4 scrolls of fear
 B - 2 scrolls of poison
 E - a scroll of vulnerability
 L - 2 scrolls of immolation
 P - a scroll of silence
Potions
 a - 5 potions of heal wounds
 d - a potion of berserk rage {unknown}
 h - 2 potions of invisibility
 q - 9 potions of curing
 t - 4 potions of attraction
 u - 4 potions of might
 v - 3 potions of enlightenment
 w - a potion of cancellation {unknown}
 H - 2 potions of haste {unknown}
 J - 2 potions of magic
Miscellaneous
 m - a condenser vane
 y - a box of beasts


   Skills:
 - Level 10.9 Fighting
 - Level 18.4 Dodging
 - Level 14.5 Stealth
 - Level 11.4 Unarmed Combat
 + Level 15.9 Shapeshifting


You had 14 spell levels left.
You didn't know any spells.
Your spell library was empty.

Dungeon Overview and Level Annotations

Branches:
Dungeon (15/15)            Temple (1/1) D:4            Lair (5/5) D:8
  Swamp (0/4) Lair:3        Snake (0/4) Lair:2        Slime (0/5) Lair:5
    Orc (2/2) D:11            Elf (1/3) Orc:2        Vaults (0/5) D:14
 Bailey (visited)           IceCv (visited)         Gauntlet (visited)
 Depths: D:15

Altars:
Ashenzari
Cheibriados
Dithmenos
Elyvilon
Fedhas
Gozag
Hepliaklqana
Kikubaaqudgha
Makhleb
Nemelex Xobeh
Okawaru
Qazlal
Ru
Sif Muna
Trog
Uskayaw
Vehumet
Wu Jian
Xom
Yredelemnul
Zin
The Shining One

Shops:
D:9 (   D:10 *   D:11 :   Orc:2 (*?*

Portals:
Abyss: D:8
Trove: D:10 (give horn of Geryon)

Annotations:
D:8 2 transporters, Traejeek's ghost, novice DrMo


Innate Abilities, Weirdness & Mutations

You have blades for front paws.
((You have sharp claws.))
You have razor-sharp teeth.
You have supernaturally acute eyesight. (SInv)
Your thick and shaggy fur keeps you warm. (AC +3, rC+)
((Your paws help you pounce on unaware monsters.))
You are incapable of wielding weapons or throwing items.
You cannot wear armour.
You gain extra lives every three experience levels.
You are dopey. (Int -2)


Message History

The liquid fire burns you!
* * * LOW HITPOINT WARNING * * *
A +3 heavy battleaxe comes into view.
Your skin crawls.
You feel strong-willed. The liquid fire burns you!
* * * LOW HITPOINT WARNING * * *
The arcanist misses you. The arcanist completely misses you.
Unknown command.
A red film seems to cover your vision as you go berserk!
You feel yourself moving faster!
You feel mighty! The liquid fire burns you!
* * * LOW HITPOINT WARNING * * *
The arcanist closely misses you.
You shred the arcanist!!!
The arcanist is almost dead.
The liquid fire burns you!
* * * LOW HITPOINT WARNING * * *
The arcanist misses you.
You barely miss the arcanist. You slash the arcanist.
You kill the arcanist!
Trog accepts your kill.
Trog appreciates your killing of a magic user.
The liquid fire burns you!
* * * LOW HITPOINT WARNING * * *
You shake off some of the fire as you move.
The liquid fire burns you!
* * * LOW HITPOINT WARNING * * *
Things that are here:
9 gold pieces; a +0 long sword You shake off the liquid fire.
You feel a strong urge to attack something.
You feel your anger nearly subside.
You are no longer berserk.
You are exhausted.
You feel yourself slow down.
A +3 heavy battleaxe is nearby!
A +3 heavy battleaxe is nearby!
The +3 heavy battleaxe hits you!!!
Ouch! That really hurt!
You die...

########.##
##.#
#........#
#.#
#.######.##
##.#
#..#####..#
###..#..###
#.........#
#.#######.#
#.# #.# #.#
#@#
#.#######(#
#.))))$...#
#..########
#...# ....#
#.e.#.pe#
#....#
.........#
.........e#


You could see a +3 heavy battleaxe.

Vanquished Creatures
  A deep elf sorcerer (Elf:1)
  An ettin (Orc:2)
  A fire dragon (Lair:5)
  Fannar (Lair:1)
  7 hydras
  4 centaur warriors (D:13)
  A hell beast (Gauntlet)
  2 catoblepae
  A vault guard (D:14)
  A dancing weapon (D:14)
  10 death yaks
  5 boulder beetles
  2 tengu warriors
  6 two-headed ogres
  An orc high priest (Orc:2)
  Sonja (Lair:1)
  A skyshark (Lair:2)
  2 fire crabs
  An arcanist (Elf:1)
  A swamp dragon (Lair:3)
  7 deep elf pyromancers
  9 orc knights
  2 orc sorcerers (Orc:2)
  5 ugly things
  Pikel (D:7)
  4 deep elf zephyrmancers (Elf:1)
  3 cyclopes
  3 manticores
  An elephant (Lair:4)
  Maurice (Orc:2)
  2 ice statues (IceCv)
  4 black mambas
  5 kobold blastminers (Orc:2)
  2 molten gargoyles (Lair:5)
  A gargoyle (D:13)
  8 cane toads
  An unseen horror (D:11)
  9 rime drakes
  2 kobold demonologists (D:9)
  An efreet (D:14)
  A freezing wraith (D:13)
  14 komodo dragons
  6 trolls
  A queen bee (Gauntlet)
  2 hornets
  18 blink frogs
  4 saltlings (Orc:2)
  4 dream sheep (Lair:5)
  2 wraiths
  Sigmund (D:3)
  2 shadows
  9 slime creatures
  17 wyverns
  2 vampires
  41 yaks
  2 fire bats (Gauntlet)
  A fire elemental (Orc:2)
  2 wargs
  3 basilisks
  Grum (D:9)
  4 vampire mosquitoes (D:12)
  4 nagas (Lair:2)
  4 steam dragons
  2 acid dragons
  6 hell hounds
  10 water moccasins
  20 orc warriors
  4 black bears
  A sky beast (D:7)
  A laughing skull (D:13)
  17 wolves
  13 centaurs
  4 ogres
  A lemure (D:7)
  A phantom (D:6)
  7 kobold brigands
  8 bullfrogs
  4 gnoll sergeants
  4 scorpions
  9 wights
  8 killer bees
  3 lindwurm simulacra (IceCv)
  6 jellies
  An electric eel (D:8)
  5 lava snakes (Lair:5)
  3 howler monkeys
  6 komodo dragon simulacra (IceCv)
  A bombardier beetle (D:6)
  8 hounds
  8 orc priests
  A gnoll bouda (D:9)
  A sleepcap (D:8)
  5 iguanas
  12 orc wizards
  11 hell rats
  3 acid dragon simulacra (IceCv)
  20 gnolls
  9 adders
  A shadow imp (D:8)
  A white imp (D:6)
  9 steam dragon simulacra (IceCv)
  2 dart slugs
  69 orcs
  8 endoplasms
  A giant cockroach (D:1)
  8 goblins
  5 hobgoblins
  3 quokkas
  5 ball pythons
  A bat (D:1)
  2 frilled lizards
  9 kobolds
  3 rats
616 creatures vanquished.

Vanquished Creatures (collateral kills)
  A minotaur (Gauntlet)
  Snorg (Orc:2)
  An ice dragon (IceCv)
  A death yak (Lair:3)
  An orc knight (Orc:2)
  An orc (Orc:2)
6 creatures vanquished.

Vanquished Creatures (others)
  An orc (Orc:1)
1 creature vanquished.

Grand Total: 623 creatures vanquished

Notes
Turn   | Place    | Note
-------+----------+-------------------------------------------
     0 | D:1      | Josephus the Felid Berserker began the quest for the Orb.
     0 | D:1      | Reached XP level 1. HP: 12/12 MP: 2/2
   118 | D:1      | Reached XP level 2. HP: 13/16 MP: 3/3
   380 | D:1      | Reached skill level 1 in Stealth
  1087 | D:2      | Reached XP level 3. HP: 15/20 MP: 4/4
  1699 | D:3      | Reached ** piety under Trog
  1829 | D:3      | Noticed Sigmund
  1835 | D:3      | Killed Sigmund
  1836 | D:3      | Reached skill level 5 in Dodging
  1836 | D:3      | Reached skill level 1 in Shapeshifting
  1836 | D:3      | Reached XP level 4. HP: 25/25 MP: 5/5
  1836 | D:3      | Gained a life (2 lives remaining)
  1836 | D:3      | Reached XP level 5. HP: 29/29 MP: 6/6
  2264 | D:3      | Found a faded altar of an unknown god.
  2330 | D:4      | Identified a scroll of acquirement
  2330 | D:4      | Acquired the ring of Huttaone {rF+ rN+}
  2476 | D:4      | Found a blossoming altar of Fedhas.
  2540 | D:4      | Found a staircase to the Ecumenical Temple.
  2561 | Temple   | Entered the Ecumenical Temple
  2845 | D:4      | Gained mutation: You are covered in thick fur. (AC +2)
                  | [Felid growth]
  2845 | D:4      | Reached XP level 6. HP: 29/33 MP: 7/7
  3339 | D:5      | Entered Level 5 of the Dungeon
  3674 | D:5      | Noticed a water moccasin
  3687 | D:5      | Killed a water moccasin
  3688 | D:5      | Reached XP level 7. HP: 37/37 MP: 8/8
  3764 | D:5      | Noticed a wyvern
  3779 | D:5      | Killed a wyvern
  3780 | D:5      | Reached skill level 5 in Shapeshifting
  3904 | D:5      | Noticed a steam dragon
  3920 | D:5      | Killed a steam dragon
  3941 | D:5      | Reached XP level 8. HP: 36/42 MP: 9/9
  4950 | D:6      | Reached skill level 6 in Dodging
  5587 | D:6      | Reached skill level 5 in Unarmed Combat
  6232 | D:7      | Reached skill level 7 in Dodging
  6232 | D:7      | Reached skill level 5 in Stealth
  6232 | D:7      | Reached XP level 9. HP: 46/46 MP: 10/10
  6321 | D:7      | Found a flagged portal.
  6475 | D:7      | Reached *** piety under Trog
  6508 | Bailey   | Entered a bailey
  6788 | Bailey   | Reached skill level 5 in Fighting
  6824 | Bailey   | Identified the ring "Iwuyx" {Wiz rElec rPois Dex+3}
  6863 | Bailey   | Reached skill level 8 in Dodging
  7053 | D:7      | Found a snail-covered altar of Cheibriados.
  7057 | D:7      | Found a glowing silver altar of Zin.
  7172 | D:7      | Found a glowing golden altar of the Shining One.
  7173 | D:7      | Found a shimmering altar of Xom.
  7310 | D:7      | Noticed Pikel
  7331 | D:7      | Killed Pikel
  7332 | D:7      | Reached skill level 9 in Dodging
  7568 | D:7      | Reached skill level 10 in Dodging
  7568 | D:7      | Reached XP level 10. HP: 53/53 MP: 11/11
  7989 | D:8      | Identified the +0 scale mail of the Watchman {+Blink rF+
                  | Str-2}
  8043 | D:8      | Found a transporter.
  8045 | D:8      | Noticed a cyan ugly thing
  8171 | D:8      | Found a transporter.
  8191 | D:8      | Reached **** piety under Trog
  8208 | D:8      | a troll changed into a black mamba
  8208 | D:8      | Noticed a black mamba (shapeshifter)
  8362 | D:8      | Found a one-way gate to the infinite horrors of the Abyss.
  8370 | D:8      | Noticed Traejeek's ghost (novice DrMo)
  8575 | D:8      | Found a staircase to the Lair.
  9208 | D:9      | Noticed Grum
  9222 | D:9      | Killed Grum
  9226 | D:9      | Reached skill level 11 in Dodging
  9377 | D:9      | Found Juhov's Antique Weapon Shop.
  9575 | D:10     | Entered Level 10 of the Dungeon
  9603 | D:9      | Noticed a soul eater
  9617 | D:9      | Mangled by a yak
  9617 | D:9      | Lost a life (1 life remaining)
  9732 | D:10     | Found Cigon's General Store.
  9812 | D:9      | Reached skill level 12 in Dodging
  9931 | D:9      | Gained mutation: You are dopey. (Int -2) [a neqoxec]
  9934 | D:9      | Noticed a sun demon
 10142 | D:10     | Reached XP level 11. HP: 58/58 MP: 12/12
 10142 | D:10     | Gained a life (2 lives remaining)
 10378 | D:10     | Found an ornate altar of the Wu Jian Council.
 10407 | D:10     | Paralysed by a hornet for 2 turns
 10562 | D:10     | Found a portal to a secret trove of treasure.
 11353 | D:11     | Reached skill level 13 in Dodging
 11353 | D:11     | Reached skill level 10 in Stealth
 11379 | D:11     | Noticed a two-headed ogre
 11399 | D:10     | Killed a two-headed ogre
 11475 | D:11     | Found a staircase to the Orcish Mines.
 11486 | D:11     | Noticed a two-headed ogre
 11545 | D:11     | Reached ***** piety under Trog
 11767 | D:11     | Killed a two-headed ogre
 11834 | D:11     | Found Oxuenwamot's Tremendous Tomes.
 11889 | D:11     | Identified the +2 scale mail of Sif Muna's Whim {rF+}
 12114 | D:11     | Reached skill level 14 in Dodging
 12825 | Lair:1   | Entered Level 1 of the Lair of Beasts
 13293 | Lair:1   | Noticed a boulder beetle
 13312 | Lair:1   | Killed a boulder beetle
 13562 | Lair:1   | Gained mutation: Your thick and shaggy fur keeps you warm.
                  | (AC +3, rC+) [Felid growth]
 13562 | Lair:1   | Reached XP level 12. HP: 65/65 MP: 13/13
 13642 | Lair:1   | Noticed Fannar
 13642 | Lair:1   | Noticed a boulder beetle
 13660 | Lair:1   | Killed a boulder beetle
 13666 | Lair:1   | Killed Fannar
 13805 | Lair:1   | Noticed Sonja
 13811 | Lair:1   | Killed Sonja
 14306 | Lair:2   | HP: 2/65 [skyshark (22)]
 14306 | Lair:2   | Mangled by a skyshark
 14306 | Lair:2   | Lost a life (1 life remaining)
 14450 | Lair:2   | Noticed a six-headed hydra
 14460 | Lair:2   | Killed a six-headed hydra
 14495 | Lair:2   | Found a frozen archway.
 14504 | IceCv    | Entered an ice cave
 14689 | IceCv    | Reached skill level 10 in Shapeshifting
 15407 | IceCv    | Noticed an ice dragon
 15611 | IceCv    | Found the dreamshard necklace {Acrobat *Dream}
 15622 | IceCv    | Killed an ice dragon
 16509 | Lair:2   | Found a staircase to the Snake Pit.
 16622 | Lair:2   | Reached skill level 15 in Dodging
 16963 | Lair:3   | Noticed a death yak
 16963 | Lair:3   | Noticed a death yak
 16963 | Lair:3   | Noticed a death yak
 16963 | Lair:3   | Noticed a death yak
 16963 | Lair:3   | Noticed a death yak
 16963 | Lair:3   | Noticed a death yak
 16963 | Lair:3   | Noticed a death yak
 16963 | Lair:3   | Noticed a death yak
 16963 | Lair:3   | Noticed a death yak
 16963 | Lair:3   | Noticed a death yak
 17077 | Lair:3   | HP: 3/66 [wolf (10)]
 17205 | Lair:3   | Found a gate leading to a gauntlet.
 17214 | Gauntlet | Entered a Gauntlet
 17214 | Gauntlet | Found a transporter.
 17284 | Gauntlet | Found a transporter.
 17286 | Gauntlet | Found a transporter.
 17297 | Gauntlet | Found a transporter.
 17300 | Gauntlet | Found a transporter.
 17309 | Gauntlet | Found a transporter.
 17309 | Gauntlet | Noticed a hell beast
 17328 | Gauntlet | Found a transporter.
 17329 | Gauntlet | Noticed a hell beast
 17338 | Gauntlet | Found a transporter.
 17348 | Gauntlet | Found a transporter.
 17350 | Gauntlet | Noticed a hell hog
 17350 | Gauntlet | Found the +3 pair of seven-league boots {Rampage+∞}
 17353 | Gauntlet | Found a transporter.
 17353 | Gauntlet | Found a transporter.
 17372 | Gauntlet | Noticed a tengu warrior
 17381 | Gauntlet | Found a transporter.
 17382 | Gauntlet | Found a transporter.
 17434 | Gauntlet | Found a transporter.
 17794 | Gauntlet | Reached XP level 13. HP: 70/70 MP: 14/14
 17794 | Gauntlet | Gained a life (2 lives remaining)
 17880 | Gauntlet | Identified the -1 cloak "Xelem" {rElec rC- Str+3}
 17914 | Gauntlet | Identified the +5 scale mail of Untruth {Str+3 SInv}
 17914 | Gauntlet | Noticed a minotaur
 17926 | Gauntlet | Killed a minotaur
 17936 | Gauntlet | Identified the +3 flail "Tus Yhif" {antimagic, rPois rN++
                  | SInv}
 18221 | Lair:3   | Reached skill level 10 in Unarmed Combat
 18678 | Lair:3   | Reached skill level 16 in Dodging
 18692 | Lair:3   | Saved by the dreamshard amulet
 19260 | Lair:3   | Found a staircase to the Swamp.
 19451 | Lair:4   | Reached skill level 10 in Fighting
 19681 | Lair:4   | Reached skill level 17 in Dodging
 20750 | Lair:4   | Identified the +7 rapier of Slow Death {flame, rN+ rCorr
                  | MP+9 Dex+4}
 21006 | Lair:5   | Entered Level 5 of the Lair of Beasts
 21027 | Lair:4   | Slain by an eight-headed hydra
 21027 | Lair:4   | Lost a life (1 life remaining)
 21206 | Lair:4   | Reached XP level 14. HP: 55/77 MP: 15/15
 21206 | Lair:4   | Gained a life (2 lives remaining)
 21907 | Lair:5   | Found a staircase to the Slime Pits.
 22419 | Lair:5   | Reached skill level 18 in Dodging
 23201 | Lair:5   | Found a large runed translucent door.
 23203 | Lair:5   | Found a large runed translucent door.
 24201 | Lair:5   | Identified the staff of Annoyance {rElec rPois Str-3 Tloc
                  | Alchemy}
 25946 | D:13     | Acquired the amulet of Leass {Will+ Regen+ rCorr Stlth+}
 26784 | D:13     | Slain by a tengu warrior
 26784 | D:13     | Lost a life (1 life remaining)
 26986 | D:13     | Identified the ring of Laung {rC+ Dex+6}
 27062 | D:14     | Found a gate to the Vaults.
 27243 | D:14     | Identified the +7 orcbow of Appiqok {flame, ^Drain rElec
                  | Dex+2}
 27439 | D:14     | Reached XP level 15. HP: 81/81 MP: 16/16
 27708 | D:14     | Found a shimmering blue altar of Sif Muna.
 27738 | D:14     | Found a sparkling altar of Nemelex Xobeh.
 27896 | D:15     | Entered Level 15 of the Dungeon
 28010 | Orc:1    | Entered Level 1 of the Orcish Mines
 28081 | D:11     | Mangled by an orc knight
 28081 | D:11     | Lost a life (0 lives remaining)
 28489 | Orc:2    | Entered Level 2 of the Orcish Mines
 28545 | Orc:2    | Found Usmucsy's Antique Armour Shoppe.
 28549 | Orc:2    | Found a staircase to the Elven Halls.
 28821 | Orc:2    | Noticed Snorg
 28923 | Orc:2    | Killed Snorg
 29182 | Orc:2    | Noticed Maurice
 29213 | Orc:2    | Killed Maurice
 29345 | Orc:2    | Reached skill level 15 in Shapeshifting
 29534 | Orc:2    | Found Ikloame's Assorted Antiques.
 29700 | Orc:2    | Found Oboybes's General Store.
 29702 | Orc:2    | Found Ytzofofy's Magic Scroll Boutique.
 29747 | Orc:2    | Found Geol's Antique Weapon Shop.
 29942 | Elf:1    | Entered Level 1 of the Elven Halls
 30218 | Elf:1    | Noticed a deep elf sorcerer
 30231 | Elf:1    | Killed a deep elf sorcerer
 30262 | Elf:1    | Annihilated by a +3 heavy battleaxe

Illustrated notes

Levels and vault maps discovered:
D:1:      wander_arrival_peaceful_grave, layout_loops_corners,
          dreamdust_mushroom_princess
D:2:      layout_loops_corners, minmay_pentomino_p2
D:3:      layout_basic, dreamdust_ecumenical_altar_hidden_monk_grotto,
          uniq_sigmund
D:4:      minmay_skewed_foursquare, layout_basic, mainiacjoe_overflow_chevrons,
          minmay_temple_entry_mini_moons
D:5:      layout_cave_pods, amcnicky_mini_pool_medium
D:6:      layout_layer_cave, kennysheep_flooded_box, kennysheep_generic_room_11
D:7:      layout_loops_ring, mainiacjoe_overflow_alcove_3, enter_bailey_8,
          dreamdust_gnoll_shepherd, uniq_pikel
D:8:      layout_basic, lair_entry_dummy, gammafunk_ghost_abyssal_escape
D:9:      layout_cave_pools, serial_shops, nicolae_shop_gibbet_a_chance,
          uniq_grum
D:10:     layout_small_grid, mainiacjoe_overflow_alcove_1, serial_shops,
          nicolae_shop_tiny_waterfront, nicolae_trove_entry_free_sample,
          serial_park_tiny_1, kennysheep_generic_room_13
D:11:     layout_long_grid, erik_orc_3, nicolae_shop_i_like_big_books
D:12:     layout_stronghold
D:13:     minmay_slanted_spiral_squares, layout_basic
D:14:     layout_roguey, erik_vaults_1, lemuel_blue_sif_altar,
          nemelex_spade_bored_becter
D:15:     grunt_enter_depths_hoard, layout_irregular_city
Temple:   eino_temple_rhombus
Lair:1:   layout_gridlike, serial_bayou_shore_a, uniq_sonja, uniq_fannar
Lair:2:   layout_roguey, minmay_snake_entry_guardpost_medium,
          portal_ice_cave_entry_pillars_2, grunt_megastairs_3, lemuel_fruit_tree
Lair:3:   layout_gridlike, mainiacjoe_swamp_entry_lozenge_pond,
          gauntlet_entry_generic
Lair:4:   layout_roguey [special_room_mythical_zoo], beast_lair_carwin_2
Lair:5:   cheibrodos_lair_end_hotspot, layout_layer_cave, slime_entry_2,
          nicolae_lair_yak_garden
Orc:1:    layout_caves, basic_altar, minmay_shop_mayhem, uniq_josephine
Orc:2:    hellmonk_orc_salted, layout_diamond_mine, serial_shops,
          shop_fountains, nicolae_orc_lava_tube, uniq_snorg, uniq_maurice
Elf:1:    elf_arrival_001, layout_loops_ring, serial_shops, shop,
          hangedman_elf_disciples, roderic_lattice_octagonal_star, uniq_agnes

Skill      XL: |  1  2  3  4  5  6  7  8  9 10 11 12 13 14 15 |
---------------+----------------------------------------------+-----
Stealth        | 1 2 3 5 7 9 10 12 13 14 | 14.5
Dodging        | 5 7 10 12 14 15 17 18 | 18.4
Shapeshifting  | 1 2 4 6 7 8 10 14 15 | 15.9
Unarmed Combat | 5 6 7 8 9 10 11 | 11.4
Fighting       | 4 6 7 8 9 10 | 10.9

Action                     |  1- 3 |  4- 6 |  7- 9 | 10-12 | 13-15 || total
---------------------------+-------+-------+-------+-------+-------++-------
  Melee: Unarmed           |    72 |    88 |   390 |   960 |   989 ||  2499
         Bite              |     5 |    11 |    61 |   176 |   148 ||   401
         Punch             |     5 |     2 |     2 |       |    84 ||    93
 Invoke: Berserk           |     1 |     2 |     9 |    23 |    29 ||    64
         Trog's Hand       |       |       |       |     6 |     6 ||    12
         Brothers in Arms  |       |       |       |     1 |     3 ||     4
  Evoke: Box of beasts     |       |       |       |       |     1 ||     1
         Condenser vane    |       |       |       |       |     1 ||     1
    Use: Scroll            |       |     7 |     5 |    12 |     4 ||    28
         Potion            |       |       |       |     1 |     1 ||     2
   Stab: Sleeping          |     6 |     5 |       |     4 |    26 ||    41
         Distracted        |       |       |       |     1 |    11 ||    12
 Armour: Skin              |    14 |    21 |    84 |   225 |   264 ||   608
  Dodge: Dodged            |    55 |    63 |   437 |  1204 |  1180 ||  2939
   Form: Flux              |       |       |     1 |     1 |       ||     2
                           |       |       |       |     1 |       ||     1
         Blade             |       |       |       |       |     2 ||     2
         Dragon            |       |       |       |       |     1 ||     1
